 Dungeon Crawl Stone Soup version 0.28.0-45-g0d030f2227 (webtiles) character file.

Game seed: 8691271483903644793

87139 protoss039 the Thaumaturge (level 15, -3/99 HPs)
             Began as a Gargoyle Earth Elementalist on Apr 24, 2022.
             Was a High Priest of Vehumet.
             Slain by a tyrant leech (23 damage)
             ... on level 6 of the Lair of Beasts.
             The game lasted 01:06:56 (32834 turns).

protoss039 the Thaumaturge (GrEE)                  Turns: 32834, Time: 01:06:56

Health: -3/99      AC: 25    Str: 13    XL:     15   Next: 89%
Magic:  21/33      EV: 15    Int: 22    God:    Vehumet [*****.]
Gold:   1507       SH:  5    Dex: 10    Spells: 21/43 levels left

rFire   + + .      SeeInvis .   O - +4 scimitar (flame)
rCold   + . .      Faith    .   K - +0 buckler
rNeg    + + .      Spirit   .   m - +2 robe of Zycanag {rF++ rC+}
rPois   ∞          Reflect  .   q - +0 helmet
rElec   +          Harm     .   D - +0 cloak
rCorr   .          Rampage  .   g - +2 pair of gloves
Will    +....                   w - +2 pair of boots
Stlth   ++........              (no amulet)
HPRegen 0.26/turn               H - ring of positive energy
MPRegen 0.23/turn               A - +4 ring of evasion

@: flying, slowed, studying Fighting, very slow
A: sickness immunity, AC +11, big wings, negative energy resistance 1,
electricity resistance, torment resistance 1, petrification resistance
a: Renounce Religion


You were on level 6 of the Lair of Beasts.
You worshipped Vehumet.
Vehumet was extremely pleased with you.
You visited 2 branches of the dungeon, and saw 21 of its levels.

You collected 1874 gold pieces.
You spent 367 gold pieces at shops.

Inventory:

Hand Weapons
 b - a +5 dagger of venom
 J - the +4 trident of Doovoset {freeze, rF+ Dex+2}
   (You found it on level 10 of the Dungeon)

   It freezes those it strikes, dealing additional cold damage.
   It can also slow down cold-blooded creatures.
   Dex:       It affects your dexterity (+2).
   rF:        It protects you from fire.
 O - a +4 scimitar of flaming (weapon)
Missiles
 c - 490 stones
Armour
 g - a +2 pair of gloves (worn)
 m - the +2 robe of Zycanag (worn) {rF++ rC+}
   (You found it on level 5 of the Dungeon)

   rF:        It greatly protects you from fire.
   rC:        It protects you from cold.
 q - a +0 helmet (worn)
 t - a scarf of repulsion
 w - a +2 pair of boots (worn)
 D - a +0 cloak (worn)
 K - a +0 buckler (worn)
Magical Staves
 a - a staff of earth
Jewellery
 k - a ring of wizardry
 A - a +4 ring of evasion (right hand)
 H - a ring of positive energy (left hand)
Wands
 h - a wand of acid (5)
 u - a wand of iceblast (14)
 y - a wand of polymorph (19)
 E - a wand of paralysis (7)
 I - a wand of flame (25)
 L - a wand of charming (16)
 Q - a wand of mindburst (6)
Scrolls
 d - 3 scrolls of brand weapon
 e - 5 scrolls of identify
 i - 3 scrolls of fear
 n - 10 scrolls of teleportation
 o - 4 scrolls of blinking
 s - 2 scrolls of immolation
 x - 2 scrolls of amnesia
 C - a scroll of summoning
 F - 2 scrolls of enchant armour
 G - 3 scrolls of fog
 T - a scroll of silence
 W - 7 scrolls of magic mapping
Potions
 f - 12 potions of curing
 j - 3 potions of lignification
 l - 3 potions of haste
 p - 4 potions of flight
 r - 9 potions of heal wounds
 v - a potion of ambrosia
 z - a potion of magic
 B - 4 potions of might
 N - a potion of invisibility
 P - 4 potions of mutation
 R - 2 potions of brilliance
 S - a potion of berserk rage


   Skills:
 + Level 13.4 Fighting
 + Level 9.9 Armour
 - Level 1.5 Dodging
 - Level 2.1 Stealth
 + Level 7.5 Shields
 * Level 14.8 Spellcasting
 + Level 12.5 Conjurations
 + Level 4.4 Transmutations
 + Level 2.9 Fire Magic
 + Level 14.4 Earth Magic


You had 21 spell levels left.
You knew the following spells:

 Your Spells              Type           Power      Damage    Failure   Level
a - Sandblast             Erth           100%       2d20      0%          1
b - Passwall              Tmut/Erth      45%        N/A       1%          2
c - Stone Arrow           Conj/Erth      100%       3d13      1%          3
d - Mephitic Cloud        Conj/Pois/Air  34%        N/A       1%          3
e - Static Discharge      Conj/Air       43%        N/A       1%          2
f - Fireball              Conj/Fire      25%        3d11      1%          5
j - Iron Shot             Conj/Erth      33%        9d7       1%          6

Your spell library contained the following spells:

 Spells                   Type           Power      Damage    Failure   Level
 Eringya's Noxious Bog    Tmut/Pois      13%        N/A       54%         6
 Magic Dart               Conj           100%       1d8       1%          1
 Poisonous Vapours        Pois/Air       32%        N/A       1%          2
 Petrify                  Tmut/Erth      55%        N/A       1%          4
 Animate Armour           Summ/Erth      96%        N/A       2%          4
 Lightning Bolt           Conj/Air       21%        1d36      2%          5
 Slow                     Hex            64%        N/A       4%          1
 Spider Form              Tmut/Pois      26%        N/A       5%          3
 Orb of Destruction       Conj           31%        9d10      6%          7
 Call Imp                 Summ           16%        N/A       7%          2
 Corpse Rot               Necr/Air       32%        N/A       7%          2
 Ensorcelled Hibernation  Hex/Ice        32%        N/A       7%          2
 Yara's Violent Unravell  Hex/Tmut       13%        3d7       13%         5
 Ozocubu's Armour         Ice            16%        N/A       14%         3
 Summon Guardian Golem    Hex/Summ       16%        N/A       14%         3
 Tukima's Dance           Hex            16%        N/A       14%         3
 Blade Hands              Tmut           17%        N/A       21%         5
 Anguish                  Hex/Necr       8%         N/A       41%         4
 Animate Dead             Necr           8%         N/A       41%         4
 Passage of Golubria      Tloc           16%        N/A       41%         4
 Summon Ice Beast         Ice/Summ       16%        N/A       41%         4
 Spellforged Servitor     Conj/Summ      21%        N/A       56%         7
 Metabolic Englaciation   Hex/Ice        8%         N/A       77%         5
 Simulacrum               Ice/Necr       8%         N/A       100%        6
 Haunt                    Necr/Summ      8%         N/A       100%        7
 Infestation              Necr           8%         N/A       100%        8
 Maxwell's Capacitive Co  Air            8%         ∞         100%        8
 Polar Vortex             Ice            8%         N/A       100%        9


Dungeon Overview and Level Annotations

Branches:
Dungeon (15/15)            Temple (0/1) D:7            Lair (6/6) D:10
  Swamp (0/4) Lair:3       Spider (0/4) Lair:4        Slime (0/5) Lair:5
    Orc (0/2) D:9          Vaults (0/5) D:14         Depths (0/4) D:15

Altars:
Cheibriados
Fedhas
Hepliaklqana
Okawaru
Sif Muna
Trog
Vehumet
Wu Jian
Xom
Yredelemnul
The Shining One
Jiyva

Shops:
D:1 !!(   D:6 ?   D:8 ?   D:9 (

Annotations:
Lair:5 1 runed translucent door
Lair:6 1 runed translucent door


Innate Abilities, Weirdness & Mutations

You are immune to sickness and miasma.
Your stone body is resilient. (AC +11)
You are immune to poison.
Your large and strong wings let you fly.
You resist negative energy. (rN+)
You are resistant to electric shocks. (rElec)
You are resistant to unholy torment.
You are immune to petrification.


Message History

The lindwurm misses you.
The lindwurm claws you but does no damage.
The lindwurm closely misses you. The hornet barely misses you.
The tyrant leech is engulfed in noxious fumes.
Unknown command.
Casting: Mephitic Cloud (safe; 1% risk of failure)
Confirm with . or Enter, or press ? or * to list all spells.
Aiming: Mephitic Cloud (safe; 1% risk of failure)
Press: ? - help, Shift-Dir - straight line, f - you The ball explodes into a vile cloud!
The stinking cloud engulfs you but does no damage.
The stinking cloud engulfs the tyrant leech but does no damage.
The tyrant leech is moderately wounded.
The stinking cloud engulfs the lindwurm but does no damage.
The stinking cloud engulfs the tyrant leech but does no damage.
The tyrant leech is heavily wounded.
The stinking cloud engulfs the hornet but does no damage.
You hear an angry buzzing noise.
The tyrant leech seems less confused.
The hornet barely misses you.
The lindwurm is engulfed in noxious fumes.
The lindwurm appears confused.
The tyrant leech is engulfed in noxious fumes.
The tyrant leech bites the torpor snail.
The tyrant leech draws strength from the torpor snail's injuries!
You block the hornet's attack.
The tyrant leech is engulfed in noxious fumes.
The tyrant leech closely misses you.
Unknown command.
Unknown command.
Unknown command.
You hit the hornet but do no damage. The hornet stings you.
The hornet barely misses you.
The torpor snail is engulfed in noxious fumes.
The torpor snail appears confused.
The torpor snail bites you!
The tyrant leech is engulfed in noxious fumes.
The tyrant leech bites you!!
* * * LOW HITPOINT WARNING * * *
The tyrant leech is engulfed in noxious fumes.
The tyrant leech bites you!!
You die...

##### # ###.P.###
####.. ###.......###
##.....
#....#.#....###....P
....#####.....#..#
⌠.##.# #.##.....##
P..### ##
###.$w.#### #...##
##..@○k.# ##...#
#.#wwy....# ##..##
####........ ##..##
..)####.. ###...#
..#.# . ##.##..#
..#### #..#P.## .#
.#...## .. ......#


You could see 2 tyrant leeches, a torpor snail (confused), a lindwurm (confused)
and a hornet.

Vanquished Creatures
  A juggernaut zombie (D:15)
  A rakshasa (D:14)
  8 hydras
  A catoblepas (Lair:6)
  7 boulder beetles
  5 vault guards (D:14)
  An ogre mage (D:15)
  A death knight (D:13)
  8 two-headed ogres
  Erica (D:11)
  2 centaur warriors
  6 death yaks (Lair:3)
  A fire crab (shapeshifter) (D:13)
  3 skeletal warriors
  A bog body (Lair:3)
  2 phantasmal warriors
  A wizard (D:14)
  A deep elf archer (D:14)
  Pikel (D:7)
  A necromancer (D:15)
  An orc sorcerer (D:14)
  2 cyclopes
  6 manticores
  14 ugly things
  A sphinx skeleton (D:15)
  15 elephants
  A stone giant skeleton (D:15)
  7 black mambas
  3 centaur zombies
  5 torpor snails
  16 cane toads
  4 gargoyles
  4 unseen horrors
  A rime drake (Lair:6)
  6 komodo dragons
  Maggie (D:9)
  An efreet (D:13)
  A freezing wraith (D:14)
  4 trolls
  A tyrant leech (Lair:6)
  2 polar bears (D:10)
  10 slime creatures
  Grinder (D:3)
  6 hornets
  6 blink frogs
  A centaur simulacrum (D:14)
  2 shadows
  12 wyverns
  58 yaks
  2 wraiths
  4 vampire mosquitoes (D:13)
  3 basilisks
  3 steam dragons
  5 redbacks
  5 acid dragons
  23 water moccasins
  8 orc warriors
  2 ice beasts
  A black bear (Lair:3)
  2 necrophages
  A sky beast (D:7)
  6 ogres
  2 wolves (D:10)
  4 centaurs
  A lemure (D:7)
  3 kobold brigands
  2 gnoll sergeants
  13 bullfrogs
  4 scorpions
  A tengu zombie (D:15)
  8 killer bees
  8 wights
  10 electric eels
  7 howler monkeys
  4 crimson imps (D:13)
  3 lava snakes (Lair:4)
  A bullfrog zombie (D:5)
  A centaur skeleton (D:4)
  7 hounds
  2 jellies
  9 orc priests
  Jessica (D:2)
  Natasha (twice) (D:3)
  3 iguanas
  12 orc wizards
  4 killer bee zombies
  A hound zombie (D:5)
  A hound skeleton (D:5)
  A howler monkey zombie (D:10)
  20 gnolls
  3 adders
  A shadow imp (D:8)
  A white imp (D:6)
  3 ufetubi (D:5)
  4 worms
  A dart slug (D:1)
  33 orcs
  7 ball pythons
  6 endoplasms
  4 giant cockroaches
  5 hobgoblins
  4 jackals (D:4)
  A quokka (D:3)
  4 bats
  7 goblins
  A jackal skeleton (D:4)
  22 kobolds
  8 rats
560 creatures vanquished.

Vanquished Creatures (others)
  57 fungi
  74 plants
131 creatures vanquished.

Grand Total: 691 creatures vanquished

Notes
Turn   | Place    | Note
-------+----------+-------------------------------------------
     0 | D:1      | protoss039 the Gargoyle Earth Elementalist began the quest
                  | for the Orb.
     0 | D:1      | Reached XP level 1. HP: 10/10 MP: 3/3
    73 | D:1      | Reached skill level 1 in Transmutations
   242 | D:1      | Found a faded altar of an unknown god.
   267 | D:1      | Reached XP level 2. HP: 10/15 MP: 0/5
   432 | D:1      | Found Horghypefa's Distillery.
   475 | D:1      | Found Zodokk's Weapon Shoppe.
   892 | D:1      | Found Qusaxt's Distillery.
  1568 | D:1      | Learned a level 2 spell: Passwall
  1778 | D:2      | Reached XP level 3. HP: 19/19 MP: 6/6
  1921 | D:2      | Learned a level 3 spell: Stone Arrow
  2187 | D:2      | Reached XP level 4. HP: 13/24 MP: 8/8
  2558 | D:2      | Reached skill level 1 in Conjurations
  2662 | D:2      | Noticed Jessica
  2668 | D:2      | Killed Jessica
  3097 | D:3      | Noticed Natasha
  3107 | D:3      | Killed Natasha
  3108 | D:3      | Reached skill level 1 in Fighting
  3108 | D:3      | Reached XP level 5. HP: 24/29 MP: 0/9
  3180 | D:3      | Found a hazy altar of Hepliaklqana.
  3517 | D:3      | Noticed Grinder
  3537 | D:3      | Killed Grinder
  3538 | D:3      | Reached skill level 5 in Earth Magic
  3538 | D:3      | Reached XP level 6. HP: 21/36 MP: 9/11
  3724 | D:4      | Learned a level 3 spell: Mephitic Cloud
  3756 | D:4      | Noticed a necrophage
  3761 | D:4      | Killed a necrophage
  3762 | D:4      | Reached XP level 7. HP: 41/41 MP: 5/12
  4866 | D:4      | Found an iron altar of Okawaru.
  4895 | D:4      | Found a radiant altar of Vehumet.
  4985 | D:4      | Became a worshipper of Vehumet
  5007 | D:5      | Entered Level 5 of the Dungeon
  5018 | D:5      | Reached skill level 1 in Armour
  5046 | D:5      | Found a shimmering altar of Xom.
  5046 | D:5      | Found a snail-covered altar of Cheibriados.
  5229 | D:5      | Reached XP level 8. HP: 48/48 MP: 4/14
  5466 | D:5      | Identified the +2 robe of Zycanag {rF++ rC+}
  6166 | D:5      | Reached skill level 5 in Spellcasting
  6348 | D:5      | Found a basalt altar of Yredelemnul.
  6366 | D:5      | Found a glowing golden altar of the Shining One.
  6368 | D:5      | Noticed an angel
  6629 | D:3      | Noticed Natasha
  6632 | D:3      | Killed Natasha
  6668 | D:1      | Bought a potion of heal wounds for 50 gold pieces
  6668 | D:1      | Bought a potion of ambrosia for 80 gold pieces
  6668 | D:1      | Bought a potion of degeneration for 10 gold pieces
  7095 | D:6      | Reached skill level 5 in Fighting
  7189 | D:6      | Found Ryppuj's Magic Scroll Shoppe.
  7289 | D:6      | Bought a scroll of identify for 26 gold pieces
  7289 | D:6      | Bought a scroll of blinking for 97 gold pieces
  7472 | D:6      | Reached XP level 9. HP: 54/54 MP: 4/17
  7882 | D:7      | Noticed Pikel
  7895 | D:7      | Killed Pikel
  7896 | D:7      | Reached skill level 5 in Conjurations
  8021 | D:7      | Reached * piety under Vehumet
  8021 | D:7      | Offered knowledge of Shock by Vehumet.
  8543 | D:7      | Noticed a hornet
  8546 | D:7      | Killed a hornet
  8840 | D:7      | Found a staircase to the Ecumenical Temple.
  9433 | D:8      | Found an ornate altar of the Wu Jian Council.
  9508 | D:8      | Found Xuenwo's Magic Scroll Emporium.
  9514 | D:8      | Bought a scroll of identify for 26 gold pieces
  9514 | D:8      | Bought a scroll of identify for 26 gold pieces
  9514 | D:8      | Bought a scroll of identify for 26 gold pieces
  9514 | D:8      | Bought a scroll of identify for 26 gold pieces
  9653 | D:8      | Reached XP level 10. HP: 52/60 MP: 5/21
  9767 | D:8      | Noticed a two-headed ogre
  9774 | D:8      | Killed a two-headed ogre
  9991 | D:8      | Noticed a boulder beetle
 10378 | D:8      | Killed a boulder beetle
 10576 | D:8      | Killed an unseen horror
 11147 | D:8      | Learned a level 2 spell: Static Discharge
 11154 | D:8      | Learned a level 6 spell: Iron Shot
 11163 | D:9      | Offered knowledge of Foxfire by Vehumet.
 11164 | D:9      | Reached ** piety under Vehumet
 11306 | D:9      | Found Gaxuw's Weapon Boutique.
 11339 | D:9      | Noticed Maggie
 11351 | D:9      | Killed Maggie
 11352 | D:9      | Reached XP level 11. HP: 68/68 MP: 8/23
 11535 | D:9      | Reached skill level 5 in Armour
 11954 | D:9      | Found a blossoming altar of Fedhas.
 12004 | D:9      | Offered knowledge of Conjure Flame by Vehumet.
 12547 | D:9      | Found a staircase to the Orcish Mines.
 12946 | D:9      | Found a shimmering blue altar of Sif Muna.
 12981 | D:10     | Entered Level 10 of the Dungeon
 12992 | D:10     | Noticed a two-headed ogre
 13002 | D:10     | Killed a two-headed ogre
 13148 | D:10     | Found a bloodstained altar of Trog.
 13159 | D:10     | Reached *** piety under Vehumet
 13442 | D:10     | Found a staircase to the Lair.
 13457 | D:10     | Offered knowledge of Ignite Poison by Vehumet.
 13458 | D:10     | Reached skill level 10 in Earth Magic
 13618 | D:10     | Noticed a boulder beetle
 13632 | D:10     | Killed a boulder beetle
 13740 | D:10     | Got Fiesaoveawn's Incunabulum of the Entrancing Snowflakes
 14005 | D:10     | Identified the +4 trident of Doovoset {freeze, rF+ Dex+2}
 14577 | D:11     | Reached skill level 10 in Spellcasting
 14585 | D:11     | Reached skill level 1 in Shields
 14713 | D:11     | Noticed a two-headed ogre
 14721 | D:11     | Killed a two-headed ogre
 14722 | D:11     | Reached XP level 12. HP: 76/76 MP: 12/26
 14872 | D:11     | Noticed Erica
 14877 | D:11     | Killed Erica
 15502 | D:12     | Noticed a two-headed ogre
 15510 | D:12     | Killed a two-headed ogre
 15883 | D:12     | Reached skill level 10 in Fighting
 16164 | D:12     | Noticed a two-headed ogre
 16169 | D:12     | Killed a two-headed ogre
 16169 | D:12     | Reached **** piety under Vehumet
 16186 | D:12     | Noticed a boulder beetle
 16196 | D:12     | Killed a boulder beetle
 17036 | D:12     | Noticed a boulder beetle
 17053 | D:12     | Killed a boulder beetle
 17550 | D:13     | Found a shimmering altar of Xom.
 17910 | D:13     | Reached XP level 13. HP: 30/84 MP: 5/28
 17985 | D:13     | Offered knowledge of Iskenderun's Battlesphere by Vehumet.
 19098 | D:13     | Reached skill level 5 in Shields
 19451 | D:14     | Reached skill level 10 in Conjurations
 19651 | D:14     | Noticed a vault guard
 19760 | D:14     | Killed a vault guard
 19785 | D:14     | Noticed a vault guard
 19810 | D:14     | Killed a vault guard
 19815 | D:14     | Noticed a vault guard
 19815 | D:14     | Noticed a vault guard
 19854 | D:14     | Killed a vault guard
 19874 | D:14     | Killed a vault guard
 20262 | D:14     | Noticed a rakshasa
 20264 | D:14     | Killed a rakshasa
 20592 | D:14     | Noticed a vault guard
 20626 | D:14     | Killed a vault guard
 20716 | D:14     | Found a gate to the Vaults.
 20809 | D:15     | Entered Level 15 of the Dungeon
 20921 | D:15     | Gained mutation: Your large and strong wings let you fly.
                  | [Gargoyle growth]
 20921 | D:15     | Reached XP level 14. HP: 92/92 MP: 24/30
 20932 | D:15     | Reached ***** piety under Vehumet
 20932 | D:15     | Offered knowledge of Iskenderun's Mystic Blast by Vehumet.
 21355 | D:15     | Found a staircase to the Depths.
 22555 | D:15     | Found a glowing golden altar of the Shining One.
 23354 | Lair:1   | Entered Level 1 of the Lair of Beasts
 25796 | Lair:3   | Found a staircase to the Swamp.
 26647 | Lair:3   | Reached XP level 15. HP: 96/96 MP: 2/33
 28061 | Lair:4   | Offered knowledge of Fireball by Vehumet.
 28068 | Lair:4   | Learned a level 5 spell: Fireball
 28092 | Lair:4   | Found a hole to the Spider Nest.
 29384 | Lair:5   | Found a runed translucent door.
 29384 | Lair:5   | Found a viscous altar of Jiyva.
 29386 | Lair:5   | Found a staircase to the Slime Pits.
 29405 | Lair:5   | Reached skill level 1 in Fire Magic
 30466 | Lair:6   | Entered Level 6 of the Lair of Beasts
 30582 | Lair:6   | Offered knowledge of Eringya's Noxious Bog by Vehumet.
 32749 | Lair:6   | Found a runed translucent door.
 32834 | Lair:6   | Slain by a tyrant leech

Illustrated notes

Levels and vault maps discovered:
D:1:      psy_arrival_wood_between_worlds, layout_basic, serial_forest,
          infiniplex_forest_clump_medium, infiniplex_forest_clump_small,
          infiniplex_forest_clump_small, infiniplex_forest_end_2,
          infiniplex_forest_lined_room_2, infiniplex_forest_pool,
          infiniplex_forest_end_3, infiniplex_forest_3_way, serial_shops,
          nicolae_shop_hallway_plus, nicolae_shop_crystal, shop,
          shapermc_ecumenical_altar_flowoftime
D:2:      layout_loops_corners, uniq_jessica
D:3:      layout_rooms, mainiacjoe_overflow_boulevard, uniq_grinder,
          uniq_natasha
D:4:      layout_basic, mainiacjoe_overflow_two_lobes
D:5:      layout_basic, grunt_temple_overflow_holy_war,
          mainiacjoe_overflow_divided_tiny, portal_sewer_entry_a,
          minmay_misc_feat_secret_circle
D:6:      layout_gridville, serial_shops, shop
D:7:      kennysheep_six_static_rooms, layout_loops_ring,
          minmay_temple_entry_trees, uniq_pikel
D:8:      kennysheep_ambush_hall, layout_rooms,
          pdpol_wu_jian_five_deadly_venoms, serial_shops, shop
D:9:      layout_stronghold, led_sif_pool, mainiacjoe_overflow_tiny_flanked,
          erik_orc_2, serial_shops, shop, uniq_maggie
D:10:     layout_roguey, trog_ov_bears_minmay, erik_lair_island, minivault_10
D:11:     layout_small_grid, uniq_erica
D:12:     layout_basic
D:13:     layout_grid_maze, led_xom_imps
D:14:     layout_gridville, grunt_vaults_entry_fortified,
          hangedman_abyss_or_decor_stagger
D:15:     gammafunk_depths_entry_grave, layout_loops_corners, tso_metal_star,
          bh_walls_and_bars
Lair:1:   layout_loops_ring
Lair:2:   layout_cave_pods
Lair:3:   layout_small_grid, skrybe_swamp_entry_bodies
Lair:4:   layout_loops_ring, spider_nest_entry_webs, nicolae_lair_liquid_snakes,
          grunt_megastairs_4, lemuel_fruit_tree
Lair:5:   layout_small_grid, slime_altar_2, grunt_megastairs_1
Lair:6:   wormcave, layout_regular_city, hangedman_lair_tendril_chambers

Skill      XL: |  1  2  3  4  5  6  7  8  9 10 11 12 13 14 15 |
---------------+----------------------------------------------+-----
Transmutations | 1 2 3 4 |  4.4
Earth Magic    | 4 5 6 8 9 10 11 12 13 14 | 14.4
Conjurations   | 1 2 3 4 6 7 8 9 10 12 | 12.5
Fighting       | 1 2 3 5 6 8 9 11 12 13 | 13.4
Spellcasting   | 3 4 5 7 8 10 11 12 14 | 14.8
Armour         | 1 2 3 4 6 7 9 |  9.9
Shields        | 1 4 6 7 |  7.5
Fire Magic     | 2 |  2.9
Dodging        | |  1.5
Stealth        | |  2.1

Action                   |  1- 3 |  4- 6 |  7- 9 | 10-12 | 13-15 || total
-------------------------+-------+-------+-------+-------+-------++-------
Melee: Unarmed           |     7 |       |       |       |       ||     7
       Dagger            |    50 |    70 |   110 |    85 |    89 ||   404
       Whip              |     5 |       |       |       |       ||     5
       Punch             |     1 |     1 |     2 |     1 |       ||     5
       Staff             |       |       |     8 |    78 |   255 ||   341
       Scimitar          |       |       |       |       |    65 ||    65
 Cast: Sandblast         |    23 |    10 |    33 |    47 |   121 ||   234
       Stone Arrow       |     1 |     1 |    92 |   179 |   108 ||   381
       Mephitic Cloud    |       |       |     7 |    91 |   100 ||   198
       Iron Shot         |       |       |       |     3 |   235 ||   238
       Static Discharge  |       |       |       |    12 |     9 ||    21
       Passwall          |       |       |       |       |     3 ||     3
  Use: Scroll            |       |       |    12 |     7 |     4 ||    23
       Potion            |       |       |       |     1 |       ||     1
 Stab: Sleeping          |     2 |     1 |       |       |     1 ||     4
       Confused          |       |       |     2 |    11 |    23 ||    36
       Petrifying        |       |       |       |       |     1 ||     1
       Paralysed         |       |       |       |       |     1 ||     1
Armor: Robe              |    20 |    10 |    26 |   117 |   320 ||   493
       Ring mail         |       |    21 |    57 |       |       ||    78
Dodge: Dodged            |    43 |    45 |    75 |   174 |   456 ||   793
       Repelled          |       |       |     1 |     9 |     1 ||    11
Block: Buckler           |       |       |       |    10 |   135 ||   145
